 Dungeon Crawl Stone Soup version 0.22.0 (webtiles) character file.

53 Htamos the Stinger (level 3, -1/28 HPs)
             Began as a Naga Venom Mage on Aug 10, 2018.
             Killed from afar by Sigmund (7 damage)
             ... with a magic dart
             ... on level 2 of the Dungeon.
             The game lasted 00:03:48 (1634 turns).

Htamos the Stinger (Naga Venom Mage)                Turns: 1634, Time: 00:03:48

Health: -1/28      AC:  5    Str: 10    XL:     3   Next: 89%
Magic:  1/7        EV:  2    Int: 16    God:
Gold:   85         SH:  0    Dex: 11    Spells: 7/8 levels left

rFire    . . .     SeeInvis +   k - +0 short sword
rCold    . . .     Gourm    .   (no shield)
rNeg     . . .     Faith    .   d - +0 chain mail
rPois    +         Spirit   .   (no helmet)
rElec    .         Reflect  .   (no cloak)
rCorr    .         Harm     .   (no gloves)
MR       .....                  (no barding)
Stlth    ..........             (no amulet)
HPRegen  0.09/turn              (no ring)
MPRegen  0.10/turn              (no ring)

@: very slightly contaminated, very slow
A: large, see invisible, deformed body, poison resistance, slowness 2, slow
metabolism 1, spit poison 1, AC +1
a: Spit Poison


You were on level 2 of the Dungeon.
You were not hungry.

You visited 1 branch of the dungeon, and saw 2 of its levels.

You collected 85 gold pieces.

Inventory:

Hand Weapons
 b - a +0 dagger
 k - a +0 short sword (weapon)
Armour
 a - a +0 robe
 d - a +0 chain mail (worn)
Jewellery
 i - a +3 ring of evasion {unknown}
Scrolls
 g - a scroll of enchant armour {unknown}
 h - a scroll of identify {unknown}
 l - a scroll of blinking {unknown}
Comestibles
 c - 2 rations
 m - 6 chunks of flesh


   Skills:
 + Level 0.0 Fighting
 - Level 1.5 Dodging
 - Level 3.0 Stealth
 * Level 3.0 Spellcasting
 + Level 1.9 Conjurations
 * Level 4.7 Poison Magic


You had 7 spell levels left.
You knew the following spells:

 Your Spells              Type           Power        Failure   Level  Hunger
a - Sting                 Conj/Pois      ##..         99%         1    #......

Your spell library contained the following spells:

 Spells                   Type           Power        Failure   Level  Hunger
 Mephitic Cloud           Conj/Pois/Air  #.......     100%        3    ###....
 Venom Bolt               Conj/Pois      ##........   100%        5    ######.
 Olgreb's Toxic Radiance  Pois           ###.....     100%        4    #####..
 Poisonous Vapours        Pois/Air       #.....       100%        2    ##.....


Dungeon Overview and Level Annotations

Branches:
Dungeon (2/15)

Altars:

Annotations:
D:2 Sigmund


Innate Abilities, Weirdness & Mutations

You cannot wear boots.
Your serpentine skin is tough. (AC +1)
You have supernaturally acute eyesight. (SInv)
Armour fits poorly on your strangely shaped body.
Your system is resistant to poisons. (rPois)
You cover ground very slowly.
You have a slow metabolism.
You can spit poison.


Message History

The goblin hits you but does no damage. x2; Sigmund hits you with a scythe.
* * * LOW HITPOINT WARNING * * *
Unknown command.
Casting: Sting (safe; 99% risk of failure)
Confirm with . or Enter, or press ? or * to list all spells.
Aiming: Sting (safe; 99% risk of failure)
Press: ? - help, Shift-Dir - straight line, f/p - Sigmund
Aim: Sigmund, wielding a scythe and wearing a robe (heavily wounded)
You miscast Sting.
You feel odd. The goblin hits you with a dagger.
* * * LOW HITPOINT WARNING * * *
Casting: Sting (safe; 99% risk of failure)
Confirm with . or Enter, or press ? or * to list all spells.
Aiming: Sting (safe; 99% risk of failure)
Press: ? - help, Shift-Dir - straight line, f/p - Sigmund
Aim: Sigmund, wielding a scythe and wearing a robe (heavily wounded)
You miscast Sting.
Nothing appears to happen.
* * * LOW MAGIC WARNING * * *
Sigmund gestures at you while chanting. The magic dart hits you!
You die...

..... #...
#... ##...
...# .$#
#### #.# ..#
##g##
#.###.@.#
####.##.#@##
#.........#
#.##.##.#.#
#.##.###..#
#.##.# #.#
#.#####.##.#
#>#
#..........#
#.#
######.####


You could see Sigmund and a goblin.

Vanquished Creatures
  An adder (D:2)
  An ooze (D:2)
  2 dart slugs
  3 leopard geckos (D:1)
  4 bats
  A giant cockroach (D:2)
  4 goblins
  3 hobgoblins
  4 jackals (D:1)
  3 frilled lizards
  4 kobolds
  A rat (D:1)
31 creatures vanquished.

Notes
Turn   | Place    | Note
-------+----------+-------------------------------------------
     0 | D:1      | Htamos the Naga Venom Mage began the quest for the Orb.
     0 | D:1      | Reached XP level 1. HP: 15/15 MP: 3/3
   227 | D:1      | Reached XP level 2. HP: 14/22 MP: 1/5
   850 | D:1      | Reached XP level 3. HP: 28/28 MP: 2/6
  1616 | D:2      | Noticed Sigmund
  1634 | D:2      | Killed from afar by Sigmund

Skill      XL: |  1  2  3 |
---------------+----------+-----
Spellcasting   | 3 |  3.0
Dodging        | |  1.5
Stealth        | |  3.0
Conjurations   | |  1.9
Poison Magic   | |  4.7

Action                   || total
-------------------------++-------
Melee: Dagger            ||    30
       Unarmed           ||     1
       Short sword       ||    14
 Cast: Sting             ||    56
 Abil: Spit Poison       ||     6
  Use: Potion            ||     4
  Eat: Chunk             ||     2
Armor: Robe              ||    10
       Chain mail        ||     9
Dodge: Dodged            ||    47
